Map: Cosmic Sapphire

Players

A.I. 1 (Very Easy)

  • Race: Zerg Zerg
  • Spawn Location: 11:00

Meto

  • Race: Terran Terran
  • Spawn Location: 5:00

VOD

Have the link to the VOD?

Description

Time

  • Played on: Jan. 10, 2023, 5:10 a.m.
  • Length: 4:13
Show
View Real Time Build Order
Export as new Build Order

A.I. 1 (Very Easy) Zerg 

Build Orders: Hatch First 

Get SALT Encoding   

    0:17  Overlord  
    0:23  Drone x12  
    0:35  Unknown  
  12  0:36  Drone  
  13  0:43  Drone  
  14  0:51  Overlord  
  14  1:10  Drone x2  
  14  1:11  Drone  
  17  1:21  Drone  
  18  1:34  Hatchery  
  17  1:44  Spawning Pool  
  17  1:46  Extractor  
  15  1:51  Overlord  
  15  2:31  Extractor, Zergling x2  
  15  2:34  Queen  
  17  2:37  Roach Warren  
  17  2:42  Drone  
  17  2:53  Drone  
  18  3:00  Drone  
  18  3:01  Zergling x2  
  20  3:07  Drone  
  21  3:15  Drone  
  22  3:22  Drone  
  23  3:29  Drone  
  23  3:30  Roach  
Show
View Real Time Build Order
Export as new Build Order

Meto Terran 

Build Orders: 2 Factory, Hellion Opening 

Get SALT Encoding   

    0:10  Orbital Command  
    0:23  SCV x12  
  12  0:36  SCV  
  13  0:48  SCV  
  14  0:52  Supply Depot  
  14  1:00  SCV  
  15  1:14  Barracks, SCV  
  16  1:26  Barracks  
  16  1:27  SCV  
  17  1:35  Refinery  
  18  1:40  SCV  
  18  1:44  Refinery  
  18  1:52  SCV  
  19  2:02  Supply Depot  
  19  2:07  Orbital Command  
  19  2:15  Barracks Reactor  
  19  2:18  Marine  
  20  2:33  Factory  
  20  2:34  SCV  
  21  2:42  Barracks Reactor  
  21  2:50  SCV  
  22  3:01  Factory  
  22  3:06  SCV  
  23  3:13  Supply Depot  
  23  3:25  SCV  
  24  3:27  Hellion x2  
  28  3:38  Supply Depot  
  28  3:48  Hellion  
  28  3:49  Hellion  
  28  3:50  Hellion  
  28  3:51  Hellion  
Tags
 
Add a new tag
Caveats
  • Supply blocks, unpowered buildings, or Contaminate may cause inaccurate times.
  • Supply counts are checked every 10 seconds.